 Dungeon Crawl Stone Soup version 0.27-a0-543-gd81048afd2 (webtiles) character file.

Game seed: 4586715643501677996

30 Leibowitz the Skirmisher (level 2, -7/26 HPs)
             Began as a Demigod Fighter on Mar 7, 2021.
             Mangled by Sigmund
             ... wielding a +0 scythe
              (10 damage)
             ... on level 2 of the Dungeon.
             The game lasted 00:02:20 (1385 turns).

Leibowitz the Skirmisher (Demigod Fighter)          Turns: 1385, Time: 00:02:21

Health: -7/26      AC:  4    Str: 17    XL:     2   Next: 84%
Magic:  4/4        EV:  9    Int: 10    God:
Gold:   65         SH:  9    Dex: 19    Spells: 1/1 levels left

rFire    . . .     SeeInvis .   a - +0 rapier
rCold    . . .     Faith    .   c - +0 kite shield
rNeg     . . .     Spirit   .   l - +2 robe {Will+}
rPois    .         Reflect  .   (no helmet)
rElec    .         Harm     .   (no cloak)
rCorr    .         Rampage  .   (no gloves)
Will     +....                  (no boots)
Stlth    ++........             (no amulet)
HPRegen  0.08/turn              b - +6 ring of dexterity
MPRegen  0.09/turn              (no ring)

@: mighty, flying
A: high mp 1, forlorn
a: no special abilities


You were on level 2 of the Dungeon.
You visited 1 branch of the dungeon, and saw 2 of its levels.

You collected 65 gold pieces.

Inventory:

Hand Weapons
 a - a +0 rapier (weapon)
Armour
 c - a +0 kite shield (worn)
 l - a +2 robe of willpower (worn)
Jewellery
 b - a +6 ring of dexterity (left hand)
Scrolls
 e - a scroll of random uselessness {unknown}
 f - 2 scrolls of teleportation {unknown}
 g - a scroll of noise {unknown}
 i - 2 scrolls of immolation {unknown}
 j - 3 scrolls of identify {unknown}
 k - a scroll of blinking {unknown}


   Skills:
 * Level 3.0 Fighting
 * Level 2.2 Short Blades
 * Level 2.9 Armour
 * Level 0.3 Dodging
 * Level 0.2 Stealth
 * Level 2.9 Shields


You had one spell level left.
You didn't know any spells.
Your spell library was empty.

Dungeon Overview and Level Annotations

Branches:
Dungeon (2/15)

Annotations:
D:2 Sigmund


Innate Abilities, Weirdness & Mutations

Your attributes grow dramatically as you level up.
You have an increased reservoir of magic. (+10% MP)
You shall have no god before yourself.


Message History

5 stones; a kobold corpse
Found a stone staircase leading up.
Found 21 stones.
Found a stone staircase leading down.
You now have 65 gold pieces (gained 15).
Sigmund the Dreaded comes into view.
He is wielding a +0 scythe and wearing a +2 robe of willpower.
Found 6 gold pieces.
A leopard gecko comes into view.
Sigmund shouts!
The leopard gecko hisses angrily.
Sigmund casts a spell at you. You resist with almost no effort.
Sigmund is suddenly surrounded by pale blue light.
Sigmund barely misses you.
Found a bloodstained altar of Trog.
A kobold comes into view.
A kobold comes into view. It is wielding a +0 whip.
Sigmund casts a spell at you. You resist with almost no effort.
The kobold shouts!
You block Sigmund's attack. Sigmund gestures at you while chanting.
You are confused.
The kobold shouts!
Sigmund gestures at himself while chanting.
Sigmund flickers and vanishes!
Deactivating autopickup; reactivate with Ctrl-A.
You bump into the rock wall.
The leopard gecko bites you. Something hits you.
You closely miss the leopard gecko. The leopard gecko barely misses you.
You bump into the rock wall.
Something hits you. The leopard gecko bites you.
It was a potion of flight.
You feel very buoyant.
You fly up into the air.
You feel less confused. You block the leopard gecko's attack.
Something hits you but does no damage. The leopard gecko bites you.
* * * LOW HITPOINT WARNING * * *
You feel very mighty all of a sudden.
The leopard gecko bites you but does no damage.
You barely miss the leopard gecko. Something hits you!
You die...

......#.#
##.........#.#
..#...#.#
#.#.........###.
..#...#.# #
#.............
..#..<...
######..######
..#...#.# #.........
..#...#.# #.####.###
.##.... # #.# ..
..#.....#.########.#
.. #.# .......K@l{#
. ..# .
#.########K...._..
..#.. #.#......
....( #$#......
..... #K# .....
..... ..# ##.##
..#.. ... ... ### .
.#. .#


You could see a leopard gecko and 2 kobolds.

Vanquished Creatures
  A worm (D:2)
  2 giant cockroaches (D:1)
  2 goblins (D:1)
  3 hobgoblins (D:1)
  2 jackals (D:1)
  3 bats
  2 frilled lizards
  7 kobolds
  5 rats
27 creatures vanquished.

Notes
Turn   | Place    | Note
-------+----------+-------------------------------------------
     0 | D:1      | Leibowitz the Demigod Fighter began the quest for the Orb.
     0 | D:1      | Reached XP level 1. HP: 18/18 MP: 3/3
   452 | D:1      | Reached XP level 2. HP: 22/25 MP: 4/4
   948 | D:1      | Reached skill level 3 in Fighting
  1369 | D:2      | Noticed Sigmund
  1385 | D:2      | Mangled by Sigmund

Illustrated notes

Levels and vault maps discovered:
D:1:      psy_arrival_heroes, layout_loops_ring, minmay_tall_x
D:2:      layout_basic, old_standard_altar, grunt_qazlal_clouds,
          chequers_mini_garden, uniq_sigmund

Skill      XL: |  1  2 |
---------------+-------+-----
Short Blades   | 2 |  2.2
Fighting       | 3 |  3.0
Armour         | |  2.9
Dodging        | |  0.3
Stealth        | |  0.2
Shields        | |  2.9

Action                   || total
-------------------------++-------
Melee: Rapier            ||   118
  Use: Potion            ||     2
 Stab: Sleeping          ||     2
Armor: Scale mail        ||    26
       Robe              ||    10
Dodge: Dodged            ||    42
Block: Kite shield       ||    53

Table legend: (Time is in decaauts)
 A = Elapsed time spent in this place.
 B = Non-inter-level travel time spent in this place.
 C = Inter-level travel time spent in this place.
 D = Time resting spent in this place.
 E = Time spent auto-exploring this place.
 F = Levels seen in this place.
 G = Mean time per level.
                   A        B        C        D        E       F      G
               +--------+--------+--------+--------+--------+-----+--------+
         Total |   1424 |   1414 |     10 |     77 |    993 |   2 |  712.0 |
       Dungeon |   1424 |   1414 |     10 |     77 |    993 |   2 |  712.0 |
               +--------+--------+--------+--------+--------+-----+--------+

Top non-repeatable levels by time:
     D:1: 1078 daAuts
     D:2: 346 daAuts
